 Dungeon Crawl Stone Soup version 0.17.1-3-g152610e (webtiles) character file.

4841 Jerry the Basher (level 10, 0/105 HPs)
             Began as a Human Berserker on Apr 1, 2016.
             Was an Elder of Trog.
             Killed from afar by Erolcha (18 damage)
             ... with a wand of cold
             ... on level 8 of the Dungeon.
             The game lasted 00:41:30 (8221 turns).

Jerry the Basher (Human Berserker)                  Turns: 8221, Time: 00:41:30

Health: 0/105      AC:  9    Str: 21    XL:     10   Next: 78%
Magic:  10/10      EV: 16    Int:  8    God:    Trog [****..]
Gold:   618        SH:  5    Dex: 15    Spells: 0 memorised, 9 levels left

rFire  . . .     SeeInvis +     h - +3 whip (freeze)
rCold  . . .     Rnd*Rage +     w - +0 ring mail
rNeg   . . .     SustAt   .     r - +0 buckler
rPois  .         Gourm    .     B - +0 hat
rElec  .         Spirit   .     (no cloak)
rCorr  .         Warding  .     x - +1 pair of gloves
rMut   .         Stasis   .     (no boots)
MR     ++...                    (no amulet)
Stlth  ..........               (no ring)
                                E - ring of see invisible

@: berserking, regenerating, very quick, very resistant to hostile enchantments,
extremely unstealthy
A: berserk 1, mutation resistance 1, slow regeneration 1, weak 1
a: Berserk, Trog's Hand, Brothers in Arms, Burn Spellbooks, Renounce Religion


You were on level 8 of the Dungeon.
You worshipped Trog.
Trog was greatly pleased with you.
You were not hungry.

You visited 1 branch of the dungeon, and saw 8 of its levels.
You also visited: Ossuary.

You collected 618 gold pieces.

Inventory:

Hand Weapons
 h - a +3 whip of freezing (weapon)
 k - a +2 whip of flaming
 D - a +1 flail of protection
Missiles
 i - 5 throwing nets (quivered)
Armour
 r - a +0 buckler (worn)
 w - a +0 ring mail (worn)
 x - a +1 pair of gloves (worn)
 B - a +0 hat (worn)
Jewellery
 E - a ring of see invisible (left hand)
Wands
 j - a wand of cold (1)
 y - a wand of draining (5)
 G - a wand of polymorph (12)
 K - a wand of flame (22)
 L - a wand of cold (5)
Scrolls
 d - a scroll of summoning {unknown}
 l - a scroll of enchant armour
 m - 8 scrolls of identify
 o - a scroll of acquirement {unknown}
 q - a scroll of torment {unknown}
 s - 2 scrolls of fog
 t - 5 scrolls of remove curse
 u - 4 scrolls of enchant weapon
 v - 8 scrolls of teleportation
 H - a scroll of random uselessness {unknown}
 M - a scroll of fear
Potions
 a - a potion of might
 b - 2 potions of degeneration {unknown}
 g - 5 potions of curing
 n - 3 potions of resistance
 z - a potion of berserk rage
 C - 3 potions of heal wounds
 J - a potion of poison
Books
 e - a book of Alchemy

   Spells                             Type                      Level
   a - Sublimation of Blood           Necromancy                   2
   b - Ignite Poison                  Fire/Transmutation/Poison    3
   c - Alistair's Intoxication        Transmutation/Poison         4
   d - Condensation Shield            Ice                          4
   e - Petrify                        Transmutation/Earth          4
   f - Irradiate                      Conjuration/Transmutation    5
   Trog disapproves of the use of such an item.
Comestibles
 c - 4 bread rations
 f - 3 beef jerkies
 p - a royal jelly
 A - 3 meat rations
 F - 2 chunks of flesh
 I - a slice of pizza


   Skills:
 - Level 3.0 Fighting
 + Level 9.3 Maces & Flails
 + Level 9.1 Armour
 - Level 8.0 Dodging
 + Level 3.8 Shields


You had 9 spell levels left.
You didn't know any spells.

Dungeon Overview and Level Annotations

Branches:
Dungeon (8/15)             Temple (0/1) D:7
   Lair: D:8-11

Altars:
Elyvilon
Fedhas
Gozag
Ru
Sif Muna
Xom
Yredelemnul
The Shining One

Shops:
D:6 *   D:8 (

Annotations:
D:8 Erolcha


Innate Abilities, Weirdness & Mutations

You tend to lose your temper in combat.
You are somewhat resistant to further mutation.
You regenerate slowly when monsters are visible.
You are weak. (Str -2)


Message History

You feel yourself moving faster!
You feel mighty!
You feel somewhat more hungry.
Erolcha zaps a wand.
The bolt of cold hits you!
* * * LOW HITPOINT WARNING * * *
You are too injured to fight recklessly!
You are too injured to fight recklessly!
You are too injured to fight recklessly!
You are too berserk!
You hit Erolcha. You freeze Erolcha.
Erolcha is lightly wounded.
You hit Erolcha. You freeze Erolcha.
Erolcha is moderately wounded.
You whack Erolcha! You freeze Erolcha.
Erolcha is heavily wounded.
Erolcha drinks a potion.
Erolcha is healed!
You barely miss Erolcha.
Erolcha is heavily wounded.
You whack Erolcha! You freeze Erolcha.
Erolcha is severely wounded.
Erolcha zaps a wand.
The bolt of cold hits you!
You die...

#.#...# ###.##.##
#.#..(## #......
#..#####......######.###
#.....)..............###
.#####.........###.....
#.........# #..###
###.....#.###.##
#..#.#####...##.....#
......O@.....####.###
.....#....<### #.#
.............# #.#
.⌠.⌠.#............#
.............######
.....#.#$#####
.._......# ## .....#..##
#. #.


You could see Erolcha.

Vanquished Creatures
  Pikel (D:5)
  The ghost of Jerry the Cudgeler, a novice DgGl (D:6)
  The ghost of Jerry the Shield-Bearer, a novice GrFi of Ru (D:5)
  Eustachio (D:5)
  Duvessa (D:7)
  2 orc warriors
  2 phantoms
  An ice beast (D:6)
  The ghost of Jerry the Cudgeler, an amateur HuBe of Trog (D:3)
  5 ogres
  6 centaurs
  Blork the orc (D:5)
  4 giant frogs
  Dowan (D:7)
  A scorpion (D:4)
  3 wights (D:7)
  3 crimson imps
  4 centaur zombies (Ossuary)
  4 orc priests
  An iguana (D:7)
  Ijyb (D:3)
  A giant frog skeleton (D:4)
  3 hounds
  A jelly (D:5)
  11 orc wizards
  A centaur skeleton (D:6)
  5 worker ants
  An ogre zombie (Ossuary)
  2 hound zombies
  2 hound skeletons
  7 mummies (Ossuary)
  11 adders
  4 shadow imps
  An adder skeleton (D:6)
  8 adder zombies
  5 worms
  2 giant geckos
  29 orcs
  4 bats
  9 goblins
  13 hobgoblins
  7 kobolds
  A ball python (D:2)
  5 giant cockroaches
  4 giant newts
  A gnoll zombie (Ossuary)
  6 goblin zombies (Ossuary)
  4 hobgoblin zombies (Ossuary)
  2 kobold zombies (Ossuary)
  An orc zombie (Ossuary)
  4 quokkas
  A quokka skeleton (D:8)
  3 quokka zombies (Ossuary)
  4 rats
  A rat zombie (Ossuary)
209 creatures vanquished.

Vanquished Creatures (others)
  A phantom (D:5)
  A hound skeleton (D:5)
  A giant cockroach (D:5)
3 creatures vanquished.

Grand Total: 212 creatures vanquished

Notes
Turn   | Place    | Note
--------------------------------------------------------------
     0 | D:1      | Jerry the Human Berserker began the quest for the Orb.
     0 | D:1      | Reached XP level 1. HP: 18/18 MP: 1/1
   269 | D:1      | Reached XP level 2. HP: 24/24 MP: 2/2
   747 | D:2      | Reached XP level 3. HP: 18/29 MP: 3/3
  1042 | D:2      | Reached XP level 4. HP: 22/35 MP: 4/4
  1476 | D:2      | Reached ** piety under Trog
  1724 | D:2      | Found a shimmering altar of Xom.
  1787 | D:2      | Reached skill level 4 in Maces & Flails
  1787 | D:2      | Reached XP level 5. HP: 35/41 MP: 5/5
  2020 | D:3      | Noticed Jerry's ghost (amateur HuBe)
  2027 | D:3      | Killed Jerry's ghost
  2089 | D:3      | Reached XP level 6. HP: 47/47 MP: 6/6
  2478 | D:3      | Noticed Ijyb
  2492 | D:3      | Killed Ijyb
  2602 | D:3      | Reached *** piety under Trog
  2764 | D:4      | Reached XP level 7. HP: 52/52 MP: 7/7
  2766 | D:4      | Reached skill level 5 in Maces & Flails
  3318 | D:5      | Entered Level 5 of the Dungeon
  3347 | D:5      | Noticed Blork the orc
  3363 | D:5      | Killed Blork the orc
  3363 | D:5      | Reached skill level 5 in Armour
  3363 | D:5      | Reached skill level 5 in Dodging
  3504 | D:5      | Reached XP level 8. HP: 52/58 MP: 8/8
  3552 | D:5      | Found a blossoming altar of Fedhas.
  3693 | D:5      | Reached skill level 6 in Maces & Flails
  3867 | D:5      | Noticed Jerry's ghost (novice GrFi)
  3974 | D:5      | Noticed Pikel
  3982 | D:5      | Killed Pikel
  3993 | D:5      | Gained mutation: You are weak. (Str -2) [potion of mutation]
  3993 | D:5      | Gained mutation: You regenerate slowly when monsters are visible. [potion of mutation]
  3993 | D:5      | Gained mutation: You are somewhat resistant to further mutation. [potion of mutation]
  3997 | D:5      | Reached XP level 9. HP: 17/63 MP: 9/9
  4288 | D:5      | Reached **** piety under Trog
  4337 | D:5      | Killed Jerry's ghost
  4337 | D:5      | Reached skill level 7 in Maces & Flails
  4664 | D:5      | Noticed Eustachio
  4765 | D:5      | Killed Eustachio
  5100 | D:6      | Noticed Jerry's ghost (novice DgGl)
  5121 | D:6      | Killed Jerry's ghost
  5121 | D:6      | Reached skill level 8 in Maces & Flails
  5193 | D:6      | Reached XP level 10. HP: 65/70 MP: 10/10
  5430 | D:6      | Found Zauklomn's General Store.
  5659 | D:6      | Reached skill level 1 in Shields
  5685 | D:6      | Found a sacrificial altar of Ru.
  5688 | D:6      | Found a deep blue altar of Sif Muna.
  5689 | D:6      | Found a basalt altar of Yredelemnul.
  5690 | D:6      | Found a glowing golden altar of the Shining One.
  5700 | D:6      | Found an opulent altar of Gozag.
  5963 | D:7      | Noticed Dowan
  5965 | D:7      | Noticed Duvessa
  5981 | D:7      | Killed Duvessa
  5986 | D:7      | Killed Dowan
  6150 | D:7      | Found a sand-covered staircase.
  6156 | Ossuary  | Entered an ossuary
  7078 | Ossuary  | Gained mutation: You tend to lose your temper in combat. [potion of mutation]
  7113 | D:7      | Reached skill level 9 in Maces & Flails
  7258 | D:7      | Found a staircase to the Ecumenical Temple.
  8019 | D:8      | Found Fiutaegh's Weapon Boutique.
  8210 | D:8      | Noticed Erolcha
  8211 | D:8      | Found a white marble altar of Elyvilon.
  8221 | D:8      | Killed from afar by Erolcha

Action                   |  1- 3 |  4- 6 |  7- 9 | 10-12 || total
-------------------------+-------+-------+-------+-------++-------
Melee: Mace              |    12 |       |       |       ||    12
       Whip              |    51 |   204 |   295 |   532 ||  1082
Throw: Throwing net      |       |       |     2 |       ||     2
Invok: Berserk           |     1 |     4 |     7 |     5 ||    17
       Trog's Hand       |       |       |     1 |     1 ||     2
Evoke: Wand              |       |       |     1 |       ||     1
  Use: Potion            |       |       |     9 |     6 ||    15
       Scroll            |       |       |     8 |       ||     8
 Stab: Sleeping          |       |     1 |       |       ||     1
  Eat: Chunk             |       |    10 |    13 |    14 ||    37
       Fruit             |       |       |     4 |     2 ||     6
       Beef jerky        |       |       |       |     1 ||     1
